[Event "Titled Tuesday Blitz October 11 Early 2022"]
[White "Gilmanov, Mansur"]
[Black "Zaloznyy, Mike"]
[WhiteFideId "4166868"]
[BlackFideId "2023075"]
[WhiteElo "2377"]
[BlackElo "2126"]
[Result "1-0"]
[Round "01"]
[TimeControl "180+1"]
[Date "2022.10.12"]
[WhiteClock "0:01:15"]
[BlackClock "0:00:05"]

1. d4 Nf6 2. Bg5 c5 3. Bxf6 gxf6 4. d5 Qb6 5. Qc1 Bh6 6. e3 d6 7. c4 Bf5 8. Nc3 Nd7 9. Nge2 O-O 10. g4 Bg6 11. f4 f5 12. gxf5 Bxf5 13. Ng3 Bg4 14. Rg1 Kh8 15. h3 Bf3 16. Kf2 e5 17. Kxf3 exf4 18. exf4 Rae8 19. Nce4 f5 20. Nxf5 Rxe4 21. Kxe4 Rxf5 22. Kxf5 Bg7 23. Rxg7 Kxg7 24. Qc3+ Kf7 25. Be2 Qd8 26. Bh5+ Ke7 27. Qg7# 1-0


[Site "https://www.chess.com"]

[Event "Titled Tuesday Blitz October 11 Early 2022"]
[White "Girsh, Daniel"]
[Black "Trimitzios, Petros"]
[WhiteFideId "30949190"]
[BlackFideId "25808796"]
[WhiteElo "2075"]
[BlackElo "2265"]
[Result "1/2-1/2"]
[Round "01"]
[TimeControl "180+1"]
[Date "2022.10.12"]
[WhiteClock "0:00:24"]
[BlackClock "0:01:19"]

1. e4 e5 2. Nf3 Nc6 3. Bb5 Nge7 4. Nc3 a6 5. Bc4 Ng6 6. O-O Be7 7. d4 d6 8. Re1 Bg4 9. dxe5 dxe5 10. Qd5 O-O 11. Qxd8 Raxd8 12. Nd2 Nd4 13. Bd3 c6 14. f3 Be6 15. Ne2 b5 16. Nxd4 exd4 17. a4 Ne5 18. b3 Bb4 19. Re2 Nxd3 20. cxd3 Bxd2 21. Rxd2 Bxb3 22. axb5 axb5 23. Rb2 Be6 24. Rc2 Rc8 25. Ba3 Rfd8 26. Bc5 Bb3 27. Rb2 Ba4 28. Rb4 Bc2 29. Ra3 h6 30. Kf2 Ra8 31. Rxd4 Rdc8 32. Ke2 Ba4 33. Kd2 Re8 34. Rc3 Rac8 35. Bb4 Re6 36. Rd6 Rxd6 37. Bxd6 f6 38. Bb4 Kf7 39. d4 Ke8 40. d5 1/2-1/2


[Site "https://www.chess.com"]

[Event "Titled Tuesday Blitz October 11 Early 2022"]
[White "Goryachkina, Aleksandra"]
[Black "Podetti, Davide"]
[WhiteFideId "4147103"]
[BlackFideId "893617"]
[WhiteElo "2484"]
[BlackElo "2160"]
[Result "1/2-1/2"]
[Round "01"]
[TimeControl "180+1"]
[Date "2022.10.12"]
[WhiteClock "0:00:06"]
[BlackClock "0:00:21"]

1. e4 e5 2. Nf3 Nc6 3. Bc4 Bc5 4. O-O Nf6 5. d3 d6 6. a4 a6 7. c3 O-O 8. Nbd2 h6 9. h3 Be6 10. Re1 Ba7 11. Qc2 Re8 12. Bxe6 Rxe6 13. Nc4 d5 14. exd5 Qxd5 15. Ne3 Bxe3 16. Bxe3 Rae8 17. Rad1 Qd7 18. b4 Nd5 19. b5 axb5 20. axb5 Nce7 21. c4 Nxe3 22. fxe3 Ng6 23. Kh1 Qe7 24. Ra1 e4 25. Nd4 exd3 26. Qxd3 Rxe3 27. Rxe3 Qxe3 28. Qxe3 Rxe3 29. Ra8+ Kh7 30. Ra7 Re4 31. Nf5 Rxc4 32. Rxb7 Nf4 33. b6 cxb6 34. Rxf7 Kg6 35. Rf8 Rc1+ 36. Kh2 Ne6 37. Ne7+ Kh7 38. Rf7 Nc5 39. Nf5 Kg6 40. Rf8 Rc2 41. Ne7+ Kh7 42. Rb8 Ne6 43. Rxb6 Nf4 44. Kg3 g5 45. Nf5 Rxg2+ 46. Kf3 Rh2 47. Rxh6+ Kg8 48. Kg4 Rg2+ 49. Kf3 Rh2 50. Kg4 Rg2+ 51. Kf3 Rh2 1/2-1/2


[Site "https://www.chess.com"]

[Event "Titled Tuesday Blitz October 11 Early 2022"]
[White "Grot, Blazej"]
[Black "Chernobay, Artem"]
[WhiteFideId "21835845"]
[BlackFideId "4167406"]
[WhiteElo "1739"]
[BlackElo "2473"]
[Result "0-1"]
[Round "01"]
[TimeControl "180+1"]
[Date "2022.10.12"]
[WhiteClock "0:01:17"]
[BlackClock "0:00:12"]

1. e4 c5 2. Nf3 Nc6 3. d4 cxd4 4. Nxd4 Nf6 5. Nc3 e6 6. Ndb5 d6 7. Bf4 e5 8. Bg5 a6 9. Na3 b5 10. Bxf6 gxf6 11. Nd5 Bg7 12. c3 f5 13. g3 O-O 14. Bg2 fxe4 15. Bxe4 f5 16. Bg2 e4 17. Nc2 Ne5 18. O-O a5 19. Nce3 Kh8 20. Qd2 Ra7 21. Rad1 Qg5 22. h4 Qh6 23. Nc2 Qxd2 24. Rxd2 Nc4 25. Re2 Nxb2 26. Rb1 Na4 27. Rxb5 Nxc3 28. Nxc3 Bxc3 29. Ne3 Ba6 30. Reb2 Bxb5 31. Rxb5 f4 32. gxf4 Bd4 33. Nd5 Rg7 34. Kf1 Re8 35. Rxa5 Bc5 36. a4 Rb7 37. Rb5 Ra7 38. a5 Kg7 39. f5 Re5 40. f6+ Kf7 41. Nc3 Bd4 42. Rxe5 Bxe5 43. Nxe4 Rxa5 44. h5 d5 45. Ng5+ Kxf6 46. Nxh7+ Kf5 47. Bxd5 Rxd5 48. h6 Rd8 49. Ke2 Kg6 50. Ng5 Kxg5 51. h7 Kg6 52. h8=Q Bxh8 53. Kf3 Rf8+ 54. Kg4 Rxf2 55. Kg3 Bd4 0-1


[Site "https://www.chess.com"]

[Event "Titled Tuesday Blitz October 11 Early 2022"]
[White "Gubanov, Oleg"]
[Black "Goltsev, Dmitry"]
[WhiteFideId "14115115"]
[BlackFideId "24176710"]
[WhiteElo "2158"]
[BlackElo "2257"]
[Result "0-1"]
[Round "01"]
[TimeControl "180+1"]
[Date "2022.10.12"]
[WhiteClock "0:00:04"]
[BlackClock "0:00:42"]

1. d4 Nf6 2. c4 e6 3. Nc3 d5 4. cxd5 exd5 5. Bg5 c6 6. e3 h6 7. Bh4 Bf5 8. Qf3 Bg6 9. Bxf6 Qxf6 10. Qxf6 gxf6 11. Nf3 Nd7 12. Ne2 Bb4+ 13. Kd1 O-O 14. Nh4 Kg7 15. Ng3 Rfe8 16. Nhf5+ Kh7 17. Bd3 Nf8 18. a3 Ba5 19. h4 Bc7 20. h5 Bxf5 21. Nxf5 Red8 22. Rh4 Ne6 23. Rg4 Rd7 24. Ng7+ Kh8 25. Nxe6 fxe6 26. Rg6 Rf8 27. Rxh6+ Kg8 28. Rg6+ Rg7 29. Rxg7+ Kxg7 30. g4 Kh6 31. Ke2 f5 32. gxf5 exf5 33. Rg1 f4 34. Rg6+ Kxh5 35. Rg7 Bb6 36. Rxb7 fxe3 37. fxe3 Re8 38. Kd2 c5 39. Rd7 cxd4 40. Rxd5+ Kg4 41. exd4 Rh8 42. Kc3 Rc8+ 43. Kb4 Kf4 44. Rd7 Ke3 45. Ba6 Rc2 46. d5 Rxb2+ 47. Kc4 Rc2+ 48. Kb3 Rd2 49. d6 Kd4 0-1


[Site "https://www.chess.com"]

[Event "Titled Tuesday Blitz October 11 Early 2022"]
[White "Guerrero Olmos, Sergio"]
[Black "Dilmukhametov, Artur"]
[WhiteFideId "2257238"]
[BlackFideId "24179922"]
[WhiteElo "2272"]
[BlackElo "2197"]
[Result "1-0"]
[Round "01"]
[TimeControl "180+1"]
[Date "2022.10.12"]
[WhiteClock "0:01:43"]
[BlackClock "0:00:11"]

1. d4 Nf6 2. Nf3 g6 3. Bf4 Bg7 4. e3 O-O 5. Be2 d6 6. h3 Nbd7 7. O-O c5 8. c3 cxd4 9. exd4 Re8 10. Nbd2 Nh5 11. Bh2 e5 12. Nc4 exd4 13. Nxd4 Ne5 14. Nb5 d5 15. Ncd6 Re7 16. Bxh5 gxh5 17. Qxh5 a6 18. Nxc8 Rxc8 19. Nd4 Ng6 20. Nf5 Re6 21. Rad1 Qa5 22. Rxd5 Qxa2 23. Rd2 Rce8 24. Nxg7 Kxg7 25. Bg3 Re1 26. Rd1 Rxf1+ 27. Rxf1 Qxb2 28. Qc5 a5 29. Qxa5 b5 30. h4 Qd2 31. h5 Ne7 32. Qxb5 Qxc3 33. Be5+ Kf8 34. Bxc3 1-0


[Site "https://www.chess.com"]

[Event "Titled Tuesday Blitz October 11 Early 2022"]
[White "Haitin, Ilja"]
[Black "Wieczorek, Oskar"]
[WhiteFideId "4501764"]
[BlackFideId "1133950"]
[WhiteElo "2221"]
[BlackElo "2404"]
[Result "0-1"]
[Round "01"]
[TimeControl "180+1"]
[Date "2022.10.12"]
[WhiteClock "0:00:02"]
[BlackClock "0:01:56"]

1. e4 c5 2. d3 Nc6 3. f4 g6 4. Nf3 Bg7 5. g3 d6 6. Bg2 e5 7. O-O Nge7 8. f5 gxf5 9. Nh4 f4 10. gxf4 Ng6 11. Nf5 Bxf5 12. exf5 Nxf4 13. Bxf4 exf4 14. Nc3 Be5 15. Qh5 Rg8 16. Kh1 Qg5 17. Qxg5 Rxg5 18. Bxc6+ bxc6 19. Ne4 Rxf5 20. c3 Kd7 21. Rae1 Rg8 22. Re2 Rh5 23. Rxf4 f5 24. Nxc5+ Kc8 25. d4 Bxf4 26. Nd3 Rhg5 27. h4 Rg1# 0-1


[Site "https://www.chess.com"]

[Event "Titled Tuesday Blitz October 11 Early 2022"]
[White "Hardaway, Brewington"]
[Black "Broca Jimenez, Fernando"]
[WhiteFideId "30941849"]
[BlackFideId "5104742"]
[WhiteElo "2159"]
[BlackElo "2062"]
[Result "1-0"]
[Round "01"]
[TimeControl "180+1"]
[Date "2022.10.12"]
[WhiteClock "0:01:04"]
[BlackClock "0:00:02"]

1. Nf3 c5 2. c4 g6 3. d4 Bg7 4. Nc3 Nc6 5. d5 Nd4 6. Nd2 e5 7. d6 Nf5 8. Nde4 Nf6 9. Nxf6+ Qxf6 10. Ne4 Qe6 11. e3 Bf8 12. b3 Nxd6 13. Nxc5 Qe7 14. Nd3 Bg7 15. Bb2 O-O 16. Qc2 b6 17. O-O-O Bb7 18. Nb4 Rac8 19. Nd5 Bxd5 20. Rxd5 Nb7 21. Be2 Qe6 22. Rhd1 Rc7 23. h3 Rfc8 24. e4 Na5 25. Bg4 Qf6 26. Bxd7 Rd8 27. Bg4 Rxd5 28. exd5 Qf4+ 29. Kb1 b5 30. d6 Rc5 31. d7 Bf6 32. g3 1-0


[Site "https://www.chess.com"]

[Event "Titled Tuesday Blitz October 11 Early 2022"]
[White "Harsh Suresh"]
[Black "Martin Carmona, Gaston Manuel"]
[WhiteFideId "45018464"]
[BlackFideId "22284567"]
[WhiteElo "2180"]
[BlackElo "2235"]
[Result "0-1"]
[Round "01"]
[TimeControl "180+1"]
[Date "2022.10.12"]
[WhiteClock "0:00:53"]
[BlackClock "0:00:43"]

1. e4 e5 2. Nf3 Nc6 3. Bc4 Nf6 4. O-O Nxe4 5. Qe2 d5 6. Bb5 Bd6 7. c4 Be6 8. d3 Nf6 9. Nxe5 O-O 10. Bxc6 bxc6 11. b3 Re8 12. Bb2 Bf5 13. f4 dxc4 14. dxc4 Bc5+ 15. Kh1 Ng4 16. h3 Nxe5 17. fxe5 Bd3 18. Qf3 Bxf1 19. Qxf1 Bd4 20. Nc3 Bxe5 21. Rd1 Qf6 22. Qxf6 Bxf6 23. Rd3 Rad8 24. Rf3 Re1+ 25. Kh2 Be5+ 26. g3 Rd2+ 27. Rf2 Rxf2# 0-1


[Site "https://www.chess.com"]

[Event "Titled Tuesday Blitz October 11 Early 2022"]
[White "Harsha Bharathakoti"]
[Black "Gulevich, Artem"]
[WhiteFideId "5078776"]
[BlackFideId "24119580"]
[WhiteElo "2523"]
[BlackElo "2218"]
[Result "1-0"]
[Round "01"]
[TimeControl "180+1"]
[Date "2022.10.11"]
[WhiteClock "0:00:09"]
[BlackClock "0:00:04"]

1. e4 c5 2. f4 Nc6 3. Nf3 e6 4. Bb5 Nge7 5. O-O a6 6. Bxc6 Nxc6 7. d3 d5 8. Qe1 Be7 9. Nc3 dxe4 10. dxe4 O-O 11. Be3 Qc7 12. Ne2 b5 13. Ng3 Rd8 14. c3 c4 15. Nh5 g6 16. Ng3 Na5 17. Nd4 Nb7 18. f5 exf5 19. exf5 Nc5 20. Bf4 Bd6 21. Qe3 Nd3 22. Bxd6 Qxd6 23. Ne4 Qb6 24. fxg6 hxg6 25. Qh6 f5 26. Ng5 Ra7 27. Rf3 f4 28. Kh1 Bg4 29. Rff1 Bh5 30. Nge6 Re8 31. Nxf4 Rh7 32. Qg5 Re5 33. Nfe6 1-0


[Site "https://www.chess.com"]

[Event "Titled Tuesday Blitz October 11 Early 2022"]
[White "Heinemann, Josefine"]
[Black "Kushko, Dmitriy"]
[WhiteFideId "12900460"]
[BlackFideId "14162261"]
[WhiteElo "2300"]
[BlackElo "2230"]
[Result "0-1"]
[Round "01"]
[TimeControl "180+1"]
[Date "2022.10.12"]
[WhiteClock "0:00:07"]
[BlackClock "0:00:08"]

1. e4 d6 2. d4 Nf6 3. Nc3 g6 4. Be3 c6 5. a4 Bg7 6. Qd2 O-O 7. f3 Qa5 8. h4 e5 9. Nge2 exd4 10. Nxd4 d5 11. e5 Nh5 12. f4 f6 13. exf6 Bxf6 14. O-O-O Bg4 15. Be2 Bxe2 16. Ndxe2 b5 17. g4 Ng7 18. h5 bxa4 19. hxg6 a3 20. gxh7+ Kh8 21. Kb1 axb2 22. Na2 Qxd2 23. Rxd2 Nd7 24. g5 Nf5 25. Bf2 Bg7 26. Ng3 Nxg3 27. Bxg3 Nc5 28. Re2 Ne4 29. Be1 Rxf4 30. g6 Rg4 31. Rh3 Rxg6 32. c4 a5 33. Ra3 a4 34. Rh3 a3 35. Rh5 Rg5 36. Rxg5 Nxg5 37. cxd5 cxd5 38. Bc3 Ne4 39. Bxg7+ Kxg7 40. Rh2 Rh8 41. Rh5 Rxh7 42. Rxd5 Rh1+ 0-1


[Site "https://www.chess.com"]

[Event "Titled Tuesday Blitz October 11 Early 2022"]
[White "Hirneise, Jens"]
[Black "Kravtsiv, Martyn"]
[WhiteFideId "24614734"]
[BlackFideId "14113147"]
[WhiteElo "2344"]
[BlackElo "2694"]
[Result "0-1"]
[Round "01"]
[TimeControl "180+1"]
[Date "2022.10.11"]
[WhiteClock "0:00:53"]
[BlackClock "0:00:08"]

1. e4 e5 2. Ne2 Nc6 3. Nbc3 Nf6 4. d4 exd4 5. Nxd4 Bb4 6. Nxc6 bxc6 7. Bd3 O-O 8. O-O d5 9. exd5 cxd5 10. Bg5 c6 11. Qf3 Bd6 12. Bxf6 Qxf6 13. Qxf6 gxf6 14. Na4 c5 15. c4 d4 16. b3 Bd7 17. Nb2 Rfe8 18. Rfe1 Bc7 19. Be4 Ba5 20. Re2 Bc3 21. Rb1 f5 22. Bf3 Rxe2 23. Bxe2 Re8 24. Bd3 Bxb2 25. Rxb2 Re1+ 26. Bf1 f4 27. f3 Bf5 28. Rd2 a5 29. Kf2 Ra1 30. Rb2 Bb1 31. Be2 d3 32. Bf1 Rxa2 33. Rxa2 Bxa2 34. Bxd3 Bxb3 35. Ke1 a4 36. Kd2 a3 37. Kc3 Ba4 38. Bb1 Kg7 39. Be4 h6 40. g3 fxg3 41. hxg3 Kf6 42. g4 Bd1 43. Bd5 Ke5 44. Bxf7 Bxf3 45. Kb3 Bxg4 46. Kxa3 h5 47. Kb2 Kd4 48. Bd5 Be2 49. Kc1 Bxc4 50. Bg2 h4 51. Bh3 Bd5 52. Kd2 c4 53. Bf5 Ke5 0-1


[Site "https://www.chess.com"]

[Event "Titled Tuesday Blitz October 11 Early 2022"]
[White "Hoffmann, Asa"]
[Black "Siddharth, Jagadeesh"]
[WhiteFideId "2001470"]
[BlackFideId "5818320"]
[WhiteElo "2117"]
[BlackElo "2315"]
[Result "0-1"]
[Round "01"]
[TimeControl "180+1"]
[Date "2022.10.12"]
[WhiteClock "0:00:52"]
[BlackClock "0:01:05"]

1. d4 Nf6 2. Bg5 e6 3. Nd2 h6 4. Bh4 c5 5. e3 Nc6 6. c3 b6 7. Bd3 Bb7 8. Ngf3 Be7 9. O-O O-O 10. Qe2 d6 11. a4 Re8 12. h3 Nh5 13. Bxe7 Qxe7 14. Rfe1 Nf6 15. Nc4 Rad8 16. e4 cxd4 17. cxd4 Nb4 18. a5 Nxd3 19. Qxd3 Bxe4 20. Rxe4 Nxe4 21. Qxe4 d5 22. Qe2 dxc4 23. axb6 axb6 24. Qxc4 Rc8 25. Qb3 Qb7 26. Ne5 Red8 27. Ra4 Rc1+ 28. Kh2 Qe4 29. Nf3 Qb1 30. Qxb6 Rh1+ 31. Kg3 Qg6+ 32. Kh4 Rd5 33. g4 Qf6+ 34. Kg3 Rxh3+ 35. Kxh3 Qxf3+ 36. Kh2 Qxf2+ 37. Kh3 Qf3+ 38. Kh2 Qe2+ 39. Kg3 Qd3+ 40. Kf2 Qc2+ 41. Ke3 Qxa4 0-1


[Site "https://www.chess.com"]

[Event "Titled Tuesday Blitz October 11 Early 2022"]
[White "Hristodoulou, Panagiotis"]
[Black "Mesa Cruz, Juan Carlos"]
[WhiteFideId "4214340"]
[BlackFideId "6423400"]
[WhiteElo "2272"]
[BlackElo "2059"]
[Result "1-0"]
[Round "01"]
[TimeControl "180+1"]
[Date "2022.10.12"]
[WhiteClock "0:01:44"]
[BlackClock "0:01:37"]

1. e4 c5 2. Nf3 d6 3. d4 cxd4 4. Nxd4 Nf6 5. Nc3 a6 6. Be2 e5 7. Nf3 Be7 8. Bg5 Be6 9. Bxf6 Bxf6 10. O-O Nd7 11. Qxd6 Be7 12. Qd2 Bb4 13. a3 Ba5 14. b4 Bb6 15. Nd5 Bxd5 16. exd5 O-O 17. c4 e4 18. Nd4 Nf6 19. c5 Ba7 20. d6 a5 21. Bc4 b6 22. Nc6 Qd7 23. Ne7+ Kh8 24. c6 Qg4 25. b5 Qh5 26. c7 Ng4 27. h3 Ne5 28. Bd5 Rae8 29. Bxe4 f5 30. Bc6 f4 31. Bxe8 Rxe8 32. d7 f3 33. dxe8=Q+ Qxe8 34. Qd8 1-0


[Site "https://www.chess.com"]

[Event "Titled Tuesday Blitz October 11 Early 2022"]
[White "Huber, Benedikt"]
[Black "Weetik, Vjacheslav"]
[WhiteFideId "12923583"]
[BlackFideId "4153472"]
[WhiteElo "2199"]
[BlackElo "2469"]
[Result "0-1"]
[Round "01"]
[TimeControl "180+1"]
[Date "2022.10.12"]
[WhiteClock "0:00:17"]
[BlackClock "0:00:47"]

1. d4 Nf6 2. Nc3 d5 3. Bf4 c5 4. e4 e6 5. exd5 Nxd5 6. Nxd5 Qxd5 7. Nf3 Nc6 8. dxc5 Qxc5 9. Bd3 Be7 10. a3 e5 11. Be3 Qa5+ 12. b4 Qc7 13. O-O O-O 14. h3 Be6 15. Ng5 Bxg5 16. Bxg5 f6 17. Be3 Qf7 18. Qe2 Rfd8 19. Rfd1 Rd7 20. Bb5 Rad8 21. Bxc6 bxc6 22. Rxd7 Rxd7 23. Qa6 h5 24. Qxc6 Bd5 25. Qc8+ Kh7 26. c4 Bb7 27. Qc5 Qg6 28. f3 Bxf3 29. Ra2 Qg3 0-1


[Site "https://www.chess.com"]

[Event "Titled Tuesday Blitz October 11 Early 2022"]
[White "Jaskolka, Tomasz"]
[Black "Halkias, Stelios"]
[WhiteFideId "1170791"]
[BlackFideId "4201809"]
[WhiteElo "2126"]
[BlackElo "2453"]
[Result "0-1"]
[Round "01"]
[TimeControl "180+1"]
[Date "2022.10.12"]
[WhiteClock "0:01:18"]
[BlackClock "0:02:12"]

1. d4 Nf6 2. c4 e6 3. g3 c5 4. d5 d6 5. Bg2 exd5 6. cxd5 g6 7. Nc3 Bg7 8. Nf3 O-O 9. O-O Re8 10. Bf4 h6 11. Re1 g5 12. Bc1 Bf5 13. Nd2 a6 14. a4 Nbd7 15. e4 Bg6 16. Nc4 Nb6 17. Nxb6 Qxb6 18. Qd3 Nd7 19. f4 c4+ 20. Be3 cxd3 21. Bxb6 Nxb6 22. Rad1 Nc4 23. Rxd3 Nxb2 24. Rf3 g4 25. Rf2 0-1


[Site "https://www.chess.com"]

[Event "Titled Tuesday Blitz October 11 Early 2022"]
[White "Jiganchine, Roman"]
[Black "Malyi, Viacheslav"]
[WhiteFideId "2603667"]
[BlackFideId "14123983"]
[WhiteElo "2275"]
[BlackElo "2291"]
[Result "1-0"]
[Round "01"]
[TimeControl "180+1"]
[Date "2022.10.12"]
[WhiteClock "0:00:38"]
[BlackClock "0:00:28"]

1. e4 e5 2. Nf3 Nc6 3. Bb5 a6 4. Ba4 Nf6 5. O-O b5 6. Bb3 Bc5 7. d3 d6 8. a4 Rb8 9. h3 h6 10. c3 O-O 11. Re1 Bb6 12. Nbd2 Nh5 13. Nf1 Qf6 14. N1h2 Nf4 15. Ng4 Bxg4 16. hxg4 Ne7 17. Be3 Neg6 18. Qd2 Kh7 19. Nh2 Ne6 20. g3 Ng5 21. Kg2 Qe7 22. Bxg5 Qxg5 23. Qxg5 hxg5 24. Nf3 Nh8 25. Nxg5+ Kg6 26. Nh3 Kf6 27. f4 Ng6 28. g5+ Ke7 29. f5 Nh8 30. axb5 axb5 31. Nf2 c6 32. Ng4 Ra8 33. f6+ gxf6 34. gxf6+ Kd7 35. Nh6 c5 36. Bd5 Rxa1 37. Rxa1 c4 38. dxc4 bxc4 39. Nf5 Rb8 40. Bxc4 Bc5 41. b3 Bb6 42. Kf3 Rg8 43. Ra6 Kc7 44. Nxd6 Rg6 45. Kg2 Kc6 46. Nf5 Rxf6 47. Bd5+ Kc7 48. c4 Rg6 49. c5 Bxc5 50. Ra8 Rb6 51. Rxh8 Ra6 52. Rh7 Ra2+ 53. Kh3 Kb6 54. Rxf7 Kb5 55. Rb7+ Ka6 56. Rb8 Rd2 57. Re8 Bd4 58. Rb8 Ka5 59. b4+ Ka4 60. b5 Ka5 61. b6 Bg1 62. b7 1-0


[Site "https://www.chess.com"]

[Event "Titled Tuesday Blitz October 11 Early 2022"]
[White "Jovic, Stanoje"]
[Black "Vokhidov, Shamsiddin"]
[WhiteFideId "905020"]
[BlackFideId "14204223"]
[WhiteElo "2238"]
[BlackElo "2619"]
[Result "0-1"]
[Round "01"]
[TimeControl "180+1"]
[Date "2022.10.11"]
[WhiteClock "0:00:10"]
[BlackClock "0:00:12"]

1. c4 e5 2. g3 Nf6 3. Bg2 c6 4. d4 exd4 5. Qxd4 Na6 6. Nf3 Bc5 7. Qe5+ Be7 8. O-O O-O 9. Nc3 Re8 10. Rd1 Bb4 11. Qg5 Nc5 12. Nd4 h6 13. Qh4 d6 14. Bd2 Qe7 15. a3 Bxc3 16. Bxc3 Na4 17. Rac1 Ne4 18. Qxe7 Rxe7 19. Bxe4 Rxe4 20. f3 Re8 21. e4 Bd7 22. Ne2 Be6 23. b3 Nc5 24. Nd4 a5 25. Kf2 a4 26. b4 Nb3 27. Nxb3 axb3 28. Bb2 Red8 29. Rd3 b6 30. Ke3 c5 31. Rxb3 b5 32. Rd3 bxc4 33. Rd2 cxb4 34. axb4 d5 35. e5 Rdb8 36. Bc3 Ra3 37. Kd4 Kf8 38. Rcc2 Rba8 39. g4 Ke8 40. h4 Kd7 41. Rg2 Kc6 42. h5 R8a4 43. f4 Rxb4 44. f5 Bc8 45. f6 gxf6 46. exf6 Rb1 47. g5 Bf5 48. Rcd2 hxg5 49. Rxg5 Re1 0-1


[Site "https://www.chess.com"]

[Event "Titled Tuesday Blitz October 11 Early 2022"]
[White "Kaganskiy, Gleb"]
[Black "Aloma Vidal, Robert"]
[WhiteFideId "4132025"]
[BlackFideId "2260409"]
[WhiteElo "2165"]
[BlackElo "2435"]
[Result "0-1"]
[Round "01"]
[TimeControl "180+1"]
[Date "2022.10.12"]
[WhiteClock "0:00:09"]
[BlackClock "0:01:22"]

1. e4 e5 2. Nf3 Nf6 3. Nc3 Nc6 4. d4 exd4 5. Nxd4 Bb4 6. Nxc6 bxc6 7. Bd3 O-O 8. O-O d5 9. Bd2 Rb8 10. a3 Bd6 11. Rb1 Re8 12. Re1 Bg4 13. Qc1 Bh5 14. Bg5 Bg6 15. exd5 Rxe1+ 16. Qxe1 Bxh2+ 17. Kh1 Bd6 18. Bxg6 hxg6 19. dxc6 Qc8 20. Bxf6 gxf6 21. Ne4 Be5 22. b4 Qe6 23. b5 Qc4 24. Rb4 Qxc2 25. f4 Bb2 26. a4 Kg7 27. Rxb2 Qxb2 28. Nc5 Rh8+ 29. Kg1 Qd4+ 30. Qf2 Rh1+ 31. Kxh1 Qxf2 32. Nd7 Qxf4 33. Kg1 Qxa4 0-1


[Site "https://www.chess.com"]

[Event "Titled Tuesday Blitz October 11 Early 2022"]
[White "Kaidanov, Gregory"]
[Black "Rose, Felix"]
[WhiteFideId "2008564"]
[BlackFideId "5105722"]
[WhiteElo "2619"]
[BlackElo "2039"]
[Result "1-0"]
[Round "01"]
[TimeControl "180+1"]
[Date "2022.10.12"]
[WhiteClock "0:01:19"]
[BlackClock "0:00:39"]

1. Nf3 d5 2. g3 e6 3. Bg2 Nf6 4. O-O Be7 5. c4 O-O 6. b3 dxc4 7. bxc4 c5 8. Bb2 Nc6 9. d3 b6 10. Ne5 Nxe5 11. Bxa8 Neg4 12. Bg2 h5 13. h3 Nh6 14. Nd2 Nf5 15. Ne4 Ne8 16. e3 Nh6 17. Qxh5 f5 18. Nd2 Qxd3 19. Rfd1 Qc2 20. Rab1 Nf6 21. Qf3 Nf7 22. h4 Nd6 23. Qe2 Ba6 24. Bf3 Nxc4 25. Nxc4 Qxc4 26. Qxc4 Bxc4 27. a4 a5 28. Bxf6 Bxf6 29. Rxb6 e5 30. Bd5+ Bxd5 31. Rxd5 Rc8 32. Rb5 Be7 33. Rxe5 Kf7 1-0


[Site "https://www.chess.com"]

[Event "Titled Tuesday Blitz October 11 Early 2022"]
[White "Kalajzic, Ivan"]
[Black "Barria Zuniga, Daniel"]
[WhiteFideId "14506378"]
[BlackFideId "3400816"]
[WhiteElo "2163"]
[BlackElo "2414"]
[Result "0-1"]
[Round "01"]
[TimeControl "180+1"]
[Date "2022.10.12"]
[WhiteClock "0:00:01"]
[BlackClock "0:00:07"]

1. b3 d5 2. Bb2 c5 3. e3 a6 4. Nf3 Nf6 5. d4 Nbd7 6. Nbd2 b5 7. a4 b4 8. Bd3 e6 9. O-O Be7 10. Re1 O-O 11. e4 Bb7 12. e5 Ne8 13. h3 a5 14. Nh2 Rc8 15. Qg4 Qb6 16. Nhf3 Ba6 17. Bxa6 Qxa6 18. h4 g6 19. h5 Ng7 20. hxg6 fxg6 21. Rac1 c4 22. c3 Nb6 23. bxc4 Nxa4 24. cxd5 Nxb2 25. d6 Bd8 26. cxb4 Rxc1 27. Rxc1 axb4 28. Ng5 Nd3 29. Rb1 Nf4 30. Nde4 Qc4 31. g3 Ne2+ 32. Kg2 Nc3 33. Rb2 Qd5 34. Kh2 h5 35. Nxc3 bxc3 36. Qe2 cxb2 37. Qxb2 Bxg5 38. Qc2 Nf5 39. f4 Bh6 40. Qc7 Bg7 41. d7 h4 42. Qc5 hxg3+ 43. Kh3 Qf3 44. Qxf8+ Bxf8 45. d8=Q Qh5+ 46. Kg2 Qe2+ 47. Kg1 Qh2+ 48. Kf1 Qf2# 0-1


[Site "https://www.chess.com"]

[Event "Titled Tuesday Blitz October 11 Early 2022"]
[White "Kamsky, Gata"]
[Black "Pesotskiy, Mikhail"]
[WhiteFideId "2000024"]
[BlackFideId "34164453"]
[WhiteElo "2666"]
[BlackElo "2053"]
[Result "1-0"]
[Round "01"]
[TimeControl "180+1"]
[Date "2022.10.11"]
[WhiteClock "0:01:01"]
[BlackClock "0:00:34"]

1. e4 e6 2. Qe2 c5 3. Nf3 Nc6 4. g3 g6 5. Bg2 Bg7 6. O-O d6 7. d3 Nge7 8. c3 O-O 9. a4 a6 10. Nbd2 Rb8 11. Rd1 b5 12. axb5 axb5 13. Nf1 b4 14. d4 bxc3 15. bxc3 cxd4 16. cxd4 Qb6 17. Be3 d5 18. e5 Nf5 19. h4 Nxe3 20. Nxe3 Qb2 21. Qe1 Qb7 22. Ng4 Bd7 23. Nf6+ Kh8 24. Qe3 Be8 25. Ng5 h6 26. Ngh7 Bxf6 27. Nxf6 Kg7 28. Qf4 Qe7 29. h5 Rb4 30. Bf1 Nxe5 31. Nxe8+ Rxe8 32. Qxe5+ f6 33. Qe3 e5 34. hxg6 exd4 35. Qxe7+ Rxe7 36. Bd3 1-0


[Site "https://www.chess.com"]

[Event "Titled Tuesday Blitz October 11 Early 2022"]
[White "Karavade, Eesha"]
[Black "Dardha, Daniel"]
[WhiteFideId "5012600"]
[BlackFideId "240990"]
[WhiteElo "2258"]
[BlackElo "2528"]
[Result "0-1"]
[Round "01"]
[TimeControl "180+1"]
[Date "2022.10.12"]
[WhiteClock "0:01:01"]
[BlackClock "0:00:47"]

1. Nf3 d5 2. g3 b6 3. Bg2 Bb7 4. O-O e6 5. b3 Be7 6. Bb2 Nf6 7. c4 O-O 8. e3 dxc4 9. bxc4 c5 10. Nc3 a6 11. Rc1 Nc6 12. d4 Na5 13. Qe2 Rc8 14. d5 exd5 15. cxd5 b5 16. Rfd1 Re8 17. Bh3 Bd6 18. Nh4 Nc4 19. Bxc8 Qxc8 20. Ba1 Be5 21. Nf3 Bxc3 22. Bxc3 Nxd5 23. Ba1 Nf4 24. Qf1 Nh3+ 25. Kg2 Ng5 26. e4 Bxe4 27. Rc3 Bxf3+ 28. Rxf3 Qh3+ 0-1


[Site "https://www.chess.com"]

[Event "Titled Tuesday Blitz October 11 Early 2022"]
[White "Katz, Alexander"]
[Black "Mills, Morgen"]
[WhiteFideId "2039796"]
[BlackFideId "2013304"]
[WhiteElo "2388"]
[BlackElo "2186"]
[Result "1/2-1/2"]
[Round "01"]
[TimeControl "180+1"]
[Date "2022.10.12"]
[WhiteClock "0:00:23"]
[BlackClock "0:00:21"]

1. d4 d5 2. c4 e6 3. Nf3 Nf6 4. Nc3 Be7 5. Bf4 a6 6. e3 O-O 7. Qc2 c6 8. c5 b6 9. cxb6 Qxb6 10. Bd3 c5 11. dxc5 Bxc5 12. O-O Be7 13. e4 dxe4 14. Nxe4 Nbd7 15. Bc7 Qa7 16. Bd6 Re8 17. Bxe7 Rxe7 18. Rfd1 Bb7 19. Rac1 Bd5 20. Nxf6+ Nxf6 21. Ne5 h6 22. Nc6 Bxc6 23. Qxc6 Qb7 24. b4 Nd5 25. a3 Qxc6 26. Rxc6 a5 27. b5 a4 28. Be4 Rd7 29. g3 Rb8 30. Rb1 Ne7 31. Rc4 Nd5 32. Rb2 Nb6 33. Rc1 Rd4 34. Bb1 Rbd8 35. Kg2 Rd2 36. Rxd2 Rxd2 37. Rc6 Rb2 38. Rxb6 Rxb1 39. Rb8+ Kh7 40. b6 Rb3 41. b7 Kg6 42. h4 h5 43. Kf1 Kf5 44. Ke2 f6 45. Kd2 g6 46. Kc2 e5 47. Kd2 Ke4 48. Ke2 Rb2+ 49. Kd1 Kf3 50. Rf8 Rxb7 51. Rxf6+ Kg2 52. Rxg6 Kxf2 53. Rg5 e4 54. Rxh5 Kxg3 55. Ke2 Rb3 56. Re5 e3 57. Rxe3+ Rxe3+ 58. Kxe3 Kxh4 59. Kd4 Kg5 60. Kc5 Kf6 61. Kb5 Ke6 62. Kxa4 Kd6 63. Kb5 Kc7 64. Ka6 Kb8 1/2-1/2


[Site "https://www.chess.com"]